 Dungeon Crawl Stone Soup version 0.21.0-24-g2553a33 (webtiles) character file.

8 tidbits the Insei (level 2, 18/23 HPs)
             Began as a Gnoll Transmuter on Jan 19, 2018.
             Quit the game on level 3 of the Dungeon.
             The game lasted 00:01:44 (155 turns).

tidbits the Insei (Gnoll Transmuter)                 Turns: 155, Time: 00:01:45

Health: 18/23      AC:  3    Str:  9 (12) XL:     2   Next: 8%
Magic:  7/7        EV: 18    Int: 13 (15) God:
Gold:   4          SH:  0    Dex: 14 (15) Spells: 7/10 levels left

rFire    . . .     SeeInvis .     - Unarmed
rCold    . . .     Gourm    .   (no shield)
rNeg     . . .     Faith    .   b - +0 robe
rPois    +         Spirit   .   (no helmet)
rElec    .         Reflect  .   C - +0 cloak
rCorr    .         Harm     .   (no gloves)
MR       .....                  (no boots)
Stlth    +.........             (no amulet)
HPRegen  0.07/turn              V - +4 ring of evasion
MPRegen  0.10/turn              f - ring of poison resistance

@: no status effects
A: distributed training, fangs 1, strong nose
a: no special abilities


You were on level 3 of the Dungeon.
You were not hungry.

You visited 1 branch of the dungeon, and saw 3 of its levels.

You collected 4 gold pieces.

Inventory:

Missiles
 a - 12 arrows
Armour
 b - a +0 robe (worn)
 h - a +0 buckler
 C - a +0 cloak (worn)
Jewellery
 f - a ring of poison resistance (right hand)
   (You found it on level 1 of the Dungeon)
 V - a +4 ring of evasion (left hand)
   (You found it on level 1 of the Dungeon)
Books
 c - a book of Changes

   Spells                             Type                      Level
   a - Beastly Appendage              Transmutation                1
   b - Sticks to Snakes               Transmutation                2
   c - Spider Form                    Transmutation/Poison         3
   d - Ice Form                       Ice/Transmutation            4
   e - Blade Hands                    Transmutation                5
Comestibles
 d - a ration


   Skills:
 + Level 2.4 Fighting
 + Level 0.2 Short Blades
 + Level 0.2 Long Blades
 + Level 0.2 Axes
 + Level 0.2 Maces & Flails
 + Level 0.2 Polearms
 + Level 0.2 Staves
 + Level 0.2 Slings
 + Level 0.2 Bows
 + Level 0.2 Crossbows
 + Level 0.2 Throwing
 + Level 0.2 Armour
 + Level 4.4 Dodging
 + Level 0.2 Stealth
 + Level 0.2 Shields
 + Level 6.4 Unarmed Combat
 + Level 4.9 Spellcasting
 + Level 0.1 Conjurations
 + Level 0.1 Hexes
 + Level 0.1 Charms
 + Level 0.1 Summonings
 + Level 0.1 Necromancy
 + Level 0.1 Translocations
 + Level 3.6 Transmutations
 + Level 0.1 Fire Magic
 + Level 0.1 Ice Magic
 + Level 0.1 Air Magic
 + Level 0.1 Earth Magic
 + Level 0.1 Poison Magic
 + Level 0.3 Invocations
 + Level 0.2 Evocations


You had 7 spell levels left.
You knew the following spells:

 Your Spells              Type           Power        Failure   Level  Hunger
e - Beastly Appendage     Tmut           ##....       4%          1    None
k - Sticks to Snakes      Tmut           ##......     6%          2    ##.....


Dungeon Overview and Level Annotations

Branches:
Dungeon (3/15)

Altars:
Wu Jian


Innate Abilities, Weirdness & Mutations

Your experience applies equally to all skills.
You have very sharp teeth.
Your uncanny sense of smell can sniff out nearby items.


Message History

You kill the goblin!
You see here a club.
Found an inky potion.
Found 29 bolts.
You see here an inky potion.
g - an inky potion You open the door.
Found an ornate altar of the Wu Jian Council.
You see here a club.
There is a stone staircase leading up here.
You climb upwards.
There is a stone staircase leading down here.
Unknown command.
You see here a buckler.
h - a buckler
Found an escape hatch in the floor.
Found a stone staircase leading down.
Found a cloak.
You see here a cloak.
i - a cloak Wear which item? (? for menu, Esc to quit)
You start putting on your armour.
You continue putting on your cloak. x4
You finish putting on your +0 cloak.
Adjust (i)tems, (s)pells, or (a)bilities?
Adjust which item? (? for menu, Esc to quit)
i - a +0 cloak (worn)
Adjust to which letter? (? for menu, Esc to quit)
C - a +0 cloak (worn)
A bat and a rat come into view.
Casting: Beastly Appendage
Confirm with . or Enter, or press ? or * to list all spells.
You grow a pair of large bovine horns.
The helpless bat fails to defend itself.
You punch the bat!
You kill the bat!
You have reached level 2!
You barely miss the rat. You bite the rat, but do no damage.
The rat closely misses you.
You barely miss the rat. The rat closely misses you.
You closely miss the rat. You bite the rat, but do no damage.
The rat closely misses you.
You hit the rat.
You kill the rat!
Memorise Sticks to Snakes, consuming 2 spell levels and leaving 7?
You start memorising the spell.
You continue memorising. x2
You finish memorising.
Spell assigned to 'k'.
There is an escape hatch in the floor here.
Your transformation is almost over.
There is a stone staircase leading down here.
You climb downwards.
Found a scale mail.
Found an escape hatch in the floor.
There is a stone staircase leading up here.
Unknown command.
A bat and a goblin come into view.
The goblin shouts!
You hear a shout! x5
There is an escape hatch in the floor here.
You open the door.
Found 2 grey potions. 2 orcs and an orc wizard come into view.
The orc shouts!
The orc wizard shouts!
The bat misses you. The orc barely misses you. The bat closely misses you.
An orc comes into view. It is wielding a war axe.
There is an open door here.
An orc comes into view.
Your horns disappear.
The bat misses you.
The orc wizard gestures wildly while chanting.
The orc wizard seems to speed up.
The bat misses you.
Unknown command.
As you open the door, it creaks loudly!
A gnoll and an orc come into view.
The orc shouts!
You hear a shout!
The gnoll shouts!
The bat completely misses you. The orc wizard barely misses you.
The bat misses you.
The gnoll throws a throwing net.
The throwing net misses you.
The throwing net closely misses the bat.
The throwing net closely misses the orc.
You hear a shout!
Found 24 stones.
A gnoll comes into view. It is wielding a whip.
As you read the scroll labeled WYANUTW BITZA, it crumbles to dust.
You feel aware of your surroundings.
You sensed 1 altar.
It was a scroll of magic mapping.
You hear a shout!
The bat closely misses you.
The orc wizard points at you and mumbles some strange words.
The puff of flame misses you. The orc closely misses you.
A gnoll and an orc priest come into view.
The orc priest shouts!
The bat completely misses you. x2; The gnoll misses you.
A frilled lizard and a zombie come into view.
There is an open door here.
It was a potion of degeneration.
There was something very wrong with that liquid.
You feel weakened.
You feel dopey.
You feel clumsy. The bat completely misses you. The bat misses you.
The gnoll hits you from afar with a spear.
The orc closely misses you.
The frilled lizard moves out of view.
Are you sure you want to abandon this character and quit the game? (Confirm with "yes".)

#.........,* #..........*
####.........,* *............,*
*,#..........,#
********,#,,,,,,,,
***************,,.....#*,,******,
*,,..####*,,** *, *,,..# *,,,* *,
*,,..# *,*,* *, ****** *,,,,*
*,*,* *,


You could see an orc priest, an orc wizard, 2 gnolls, 4 orcs, an adder zombie
and a bat.

Vanquished Creatures
  2 bats
  A giant cockroach (D:1)
  A goblin (D:3)
  A hobgoblin (D:1)
  2 rats
7 creatures vanquished.

Notes
Turn   | Place    | Note
-------+----------+-------------------------------------------
     0 | D:1      | tidbits the Gnoll Transmuter began the quest for the Orb.
     0 | D:1      | Reached XP level 1. HP: 17/17 MP: 6/6
    86 | D:3      | Found an ornate altar of the Wu Jian Council.
   124 | D:2      | Reached XP level 2. HP: 23/23 MP: 5/7
   132 | D:2      | Learned a level 2 spell: Sticks to Snakes
   155 | D:3      | Quit the game

Action                   || total
-------------------------++-------
Melee: Unarmed           ||    12
       Bite              ||     3
 Cast: Beastly Appendage ||     3
  Use: Scroll            ||     1
       Potion            ||     1
 Stab: Sleeping          ||     3
Dodge: Dodged            ||    23

Table legend:
 A = Turns spent in this place as a percentage of turns spent in the entire game.
 B = Non-inter-level travel turns spent in this place as a percentage of non-inter-level travel turns spent in the entire game.
 C = Inter-level travel turns spent in this place as a percentage of turns spent in this place.
 D = Turns resting spent in this place as a percentage of non-inter-level travel turns spent in this place.
 E = Turns spent auto-exploring this place as a percentage of non-inter-level travel turns spent in this place.
 F = Non-inter-level travel turns spent in this place divided by the number of levels of this place that you've seen.
                   A       B       C       D       E      F
               +-------+-------+-------+-------+-------+----------------------
         Total | 100.0 | 100.0 |   0.0 |   0.0 |   0.0 |  51.7
       Dungeon | 100.0 | 100.0 |   0.0 |   0.0 |   0.0 |  51.7
               +-------+-------+-------+-------+-------+----------------------

Table legend:
 A = Kills in this place as a percentage of kills in entire the game.
 B = Kills by you in this place as a percentage of kills by you in the entire game.
 C = Kills by friends in this place as a percentage of kills by friends in the entire game.
 D = Other kills in this place as a percentage of other kills in the entire game.
 E = Experience gained in this place as a percentage of experience gained in the entire game.
 F = Experience gained in this place divided by the number of levels of this place that you have seen.
                   A       B       C       D       E      F
               +-------+-------+-------+-------+-------+----------------------
         Total | 100.0 | 100.0 |   N/A |   N/A | 100.0 |   4.0
       Dungeon | 100.0 | 100.0 |   N/A |   N/A | 100.0 |   4.0
               +-------+-------+-------+-------+-------+----------------------

Vault maps used:
D:1:      lightli_arrival_maybe_door_vault
D:2:      uniq_sigmund
D:3:      lemuel_doored_altar, nemelex_xobeh_ov_fountains_minmay, uniq_terence,
          uniq_natasha
